 Dungeon Crawl Stone Soup version 0.30-a0-726-gd89dcf765f (webtiles) character file.

Game seed: 5016249562454201150

7 scionoferis the Vexing (level 1, 0/16 HPs)
             Began as a Demigod Hexslinger on Jan 29, 2023.
             Constricted to death by a ball python (2 damage)
             ... on level 1 of the Dungeon.
             The game lasted 00:00:36 (96 turns).

scionoferis the Vexing (Demigod Hexslinger)           Turns: 96, Time: 00:00:36

Health: 0/16       AC:  2    Str: 11    XL:     1   Next: 66%
Magic:  1/4        EV:  9    Int: 15    God:
Gold:   21         SH:  0    Dex: 14    Spells: 1/2 levels left

rFire   . . .      SeeInvis .    a - +1 sling
rCold   . . .      Faith    .    (no shield)
rNeg    . . .      Spirit   .    c - +0 robe
rPois   .          Reflect  .    (no helmet)
rElec   .          Harm     .    (no cloak)
rCorr   .          Rampage  .    (no gloves)
Will    .....                    (no boots)
Stlth   +                        (no amulet)
HPRegen 0.22/turn                (no ring)
MPRegen 0.09/turn                (no ring)

@: constricted
A: high MP 1, forlorn, divine attributes
a: no special abilities


You were on level 1 of the Dungeon.
You visited 1 branch of the dungeon, and saw 1 of its levels.

You collected 21 gold pieces.


Innate Abilities, Weirdness & Mutations

You have an increased reservoir of magic. (+10% MP)
You shall have no god before yourself.
Your divine heritage dramatically boosts your attributes as you level up.


   Skills:
 + Level 1.1 Fighting
 * Level 2.0 Ranged Weapons
 + Level 1.9 Dodging
 + Level 0.4 Stealth
 - Level 1.0 Spellcasting
 - Level 2.6 Hexes


You had one spell level left.
You knew the following spells:

 Your Spells              Type           Power      Damage    Failure   Level
a - Slow                  Hex            32%        N/A       9%          1

Your spell library contained the following spells:

 Spells                   Type           Power      Damage    Failure   Level
 Inner Flame              Hex/Fire       4%         N/A       38%         3
 Portal Projectile        Hex/Tloc       8%         N/A       38%         3
 Cause Fear               Hex            4%         N/A       63%         4

Inventory:

Hand Weapons
 a - a +1 sling (weapon)
 e - a +0 dagger
   (You took it off a goblin on level 1 of the Dungeon)
Armour
 c - a +0 robe (worn)
Scrolls
 b - a scroll of poison
 d - a scroll of enchant armour {unknown}

Dungeon Overview and Level Annotations

Branches:
Dungeon (1/15)

# # .# # .# . # ### .#
.# ######.# ..##.## ...
.......#.# #.#...#....
..######.#####........
............##...g.#
.#######.##.#...@S#
.#######.##.#...######.#
.#.....#.##......(.....#
.#.###.#.##.....########
................>#
...#.#...##.....##
...[...........##
####.########.##
#.########.#


You could see a goblin and a ball python (slow).


Message History

Welcome, scionoferis the Demigod Hexslinger.
Will you be the one to retrieve the fantabulous Orb of Zot from the depths?
Press ? for a list of commands and other information.
Found 9 gold pieces and a scroll labelled ZISKEOTHID.
Found a staircase leading out of the dungeon.
You now have 9 gold pieces.
There is a staircase leading out of the dungeon here.
d - a scroll labelled ZISKEOTHID
Found a leather armour.
A dart slug comes into view.
You shoot a sling bullet. The sling bullet hits the dart slug.
The dart slug is heavily wounded.
No target in view!
You shoot a sling bullet. The sling bullet hits the dart slug!
You kill the dart slug!
Your Fighting skill increases to level 1!
No target in view!
No target in view!
Found a stone staircase leading down.
A hobgoblin comes into view.
Found 4 stones.
You shoot a sling bullet. The sling bullet hits the hobgoblin!
You kill the hobgoblin!
No target in view!
You now have 21 gold pieces (gained 12).
A goblin comes into view. It is wielding a +0 dagger.
You shoot a sling bullet. The sling bullet hits the goblin.
The goblin is moderately wounded.
You shoot a sling bullet. The sling bullet hits the goblin.
The goblin is severely wounded.
You shoot a sling bullet. The sling bullet hits the goblin!
You kill the goblin!
Your Ranged Weapons skill increases to level 2!
No target in view!
Things that are here:
a +0 dagger; a goblin corpse
e - a +0 dagger A ball python and an endoplasm come into view.
You shoot a sling bullet.
The sling bullet hits the endoplasm but does no damage.
The endoplasm quivers.
The ball python hisses angrily.
You hear a shout!
You shoot a sling bullet. The sling bullet hits the endoplasm.
You kill the endoplasm!
No target in view!
No target in view!
A goblin comes into view. It is wielding a +0 dagger.
You shoot a sling bullet.
The sling bullet hits the ball python but does no damage.
You shoot a sling bullet. The sling bullet hits the ball python.
The ball python is severely wounded.
You shoot a sling bullet.
The sling bullet barely misses the ball python.
The ball python barely misses you. The ball python grabs you.
The ball python constricts you.
You shoot a sling bullet.
The sling bullet closely misses the ball python.
The ball python bites you but does no damage.
The ball python constricts you. The ball python bites you.
The ball python constricts you.
You shoot a sling bullet.
The sling bullet closely misses the ball python.
The ball python closely misses you. The ball python constricts you.
The goblin barely misses you. The ball python barely misses you.
The ball python constricts you.
You shoot a sling bullet.
The sling bullet closely misses the ball python.
The goblin hits you with a +0 dagger. The ball python bites you.
The ball python constricts you. The goblin hits you with a +0 dagger.
You are too injured to fight recklessly!
You are too injured to fight recklessly!
You are too injured to fight recklessly!
Aiming: Slow (safe; 9% risk of failure)
Press: ? - help, Q - select action, (/) - cycle Shift-Dir - straight line, f/p - ball python
Aim: a ball python (severely wounded, constricting you, chance to affect: 59%)
The ball python resists with significant effort.
The ball python bites you. The ball python constricts you.
The goblin hits you with a +0 dagger.
* * * LOW HITPOINT WARNING * * *
An endoplasm comes into view.
Aiming: Slow (safe; 9% risk of failure)
Press: ? - help, Q - select action, (/) - cycle Shift-Dir - straight line, f/p - ball python
Aim: a ball python (severely wounded, constricting you, chance to affect: 59%)
The ball python seems to slow down.
The endoplasm quivers.
The ball python bites you but does no damage.
The ball python constricts you. The goblin hits you but does no damage.
Aiming: Slow (safe; 9% risk of failure)
Press: ? - help, Q - select action, (/) - cycle Shift-Dir - straight line, f/p - ball python
Aim: a ball python (severely wounded, constricting you, slow, chance to affect: 59%)
The ball python seems to slow down.
The ball python bites you.
* * * LOW HITPOINT WARNING * * *
The ball python constricts you.
You die...

Skill      XL: |  1 |
---------------+----+-----
Fighting       | 1 |  1.1
Ranged Weapons | 2 |  2.0
Dodging        | |  1.9
Stealth        | |  0.4
Spellcasting   | |  1.0
Hexes          | |  2.6

Action                     || total
---------------------------++-------
   Fire: Sling             ||    14
   Cast: Slow              ||     3
 Armour: Robe              ||     3
  Dodge: Dodged            ||     4

Levels and vault maps discovered:
D:1:      dpeg_arrival_rhombus, layout_loops_ring, eino_curves_03

Notes
Turn   | Place    | Note
-------+----------+-------------------------------------------
     0 | D:1      | scionoferis the Demigod Hexslinger began the quest for the
                  | Orb.
     0 | D:1      | Reached XP level 1. HP: 15/15 MP: 4/4
    48 | D:1      | Reached skill level 1 in Fighting
    73 | D:1      | Reached skill level 2 in Ranged Weapons
    96 | D:1      | Constricted to death by a ball python

Vanquished Creatures
  A dart slug (D:1)
  An endoplasm (D:1)
  A goblin (D:1)
  A hobgoblin (D:1)
4 creatures vanquished.

Table legend: (Time is in decaauts)
 A = Elapsed time spent in this place.
 B = Non-inter-level travel time spent in this place.
 C = Inter-level travel time spent in this place.
 D = Time resting spent in this place.
 E = Time spent auto-exploring this place.
 F = Levels seen in this place.
 G = Mean time per level.
                   A        B        C        D        E       F      G
               +--------+--------+--------+--------+--------+-----+--------+
         Total |    100 |    100 |      0 |      0 |     68 |   1 |  100.0 |
       Dungeon |    100 |    100 |      0 |      0 |     68 |   1 |  100.0 |
               +--------+--------+--------+--------+--------+-----+--------+

Top non-repeatable levels by time:
     D:1: 100 daAuts

Table legend:
 A = Non-vault XP
 B = Vault XP
 C = Vault XP percentage of total XP
 D = Non-vault monster count
 E = Vault monster count
 F = Vault count percentage of total count
                 A         B        C        D         E       F
            +---------+---------+-------+---------+---------+-------
      Total |      10 |       0 |   0.0 |       4 |       0 |   0.0
            +---------+---------+-------+---------+---------+-------
        D:1 |      10 |       0 |   0.0 |       4 |       0 |   0.0
            +---------+---------+-------+---------+---------+-------
